Map: Oxide LE

Players

AGOElazer (Elazer) - Winner!

  • Race: Zerg Zerg
  • Spawn Location: 7:00

MaxPax

  • Race: Protoss Protoss
  • League: Grandmaster
  • Spawn Location: 1:00

Event: DreamHack SC2 Masters 2020 Winter

VOD

Have the link to the VOD?

Description

Time

  • Played on: Oct. 24, 2020, 1:56 p.m.
  • Length: 11:11

All games in this series

Show
View Real Time Build Order
Export as new Build Order

AGOElazer Zerg - Winner!

Build Orders: Hatch First 

Get SALT Encoding   

  12  0:00  Drone  
  13  0:12  Overlord  
  13  0:17  Drone  
  14  0:30  Drone x2  
  16  0:43  Drone  
  17  0:52  Hatchery  
  17  0:54  Drone  
  17  0:59  Drone  
  18  1:07  Extractor  
  17  1:14  Spawning Pool  
  17  1:16  Drone  
  17  1:19  Drone  
  18  1:27  Drone  
  19  1:38  Drone  
  20  1:49  Overlord  
  20  2:00  Queen  
  22  2:04  Queen  
  22  2:05  Drone, Zergling x2  
  26  2:08  Metabolic Boost  
  26  2:11  Zergling x2  
  26  2:15  Drone  
  28  2:21  Drone  
  29  2:26  Drone  
  30  2:33  Drone  
  31  2:44  Hatchery  
  31  2:47  Spore Crawler  
  31  2:49  Drone x3  
  33  2:52  Queen  
  33  2:55  Overlord  
  35  2:59  Drone  
  36  3:10  Overlord  
  36  3:14  Drone x4  
  40  3:21  Drone x2  
  40  3:24  Queen  
  44  3:30  Queen  
  44  3:32  Overlord  
  44  3:33  Drone  
  47  3:39  Drone  
  48  3:41  Drone x3  
  48  3:44  Drone  
  52  3:50  Drone x3  
  52  3:54  Overlord  
  55  3:56  Queen  
  55  4:02  Overlord  
  57  4:04  Drone  
  57  4:05  Drone  
  55  4:12  Drone x5  
  55  4:14  Lair  
  60  4:22  Overlord  
  60  4:23  Drone x4  
  64  4:28  Drone x2  
  66  4:35  Extractor  
  66  4:36  Extractor, Roach Warren  
  66  4:38  Drone x2  
  65  4:39  Drone x2  
  67  4:47  Drone x5  
  67  4:48  Drone  
  67  4:51  Overlord  
  67  4:52  Zergling x4  
  75  5:02  Zergling x6  
  75  5:05  Zergling x6  
  81  5:09  Queen x2  
  81  5:10  Overlord  
  81  5:13  Nydus Network  
  84  5:16  Roach x3  
  90  5:22  Spore Crawler  
  90  5:24  Overlord  
  90  5:27  Overlord  
  89  5:30  Roach x3  
  89  5:32  Zergling x8  
  98  5:38  Zergling x2  
  98  5:40  Overlord  
  98  5:42  Queen  
  96  5:46  Zergling x18  
  96  5:49  Nydus Canal  
  104  5:55  Overlord  
  104  5:57  Queen, Overlord, Ravager x2  
  105  6:16  Zergling x24  
  114  6:19  Queen x2  
  114  6:22  Overlord  
  118  6:27  Nydus Canal  
  118  6:28  Overlord  
  118  6:32  Drone x5  
  123  6:36  Hydralisk Den  
  123  6:37  Evolution Chamber, Extractor  
  120  6:42  Nydus Canal  
  120  6:44  Drone x7  
  127  6:54  Overlord  
  127  6:55  Drone x4  
  127  6:59  Drone  
  120  7:12  Overlord  
  120  7:24  Overlord  
  120  7:26  Muscular Augments, Extractor  
  120  7:27  Extractor  
  116  7:31  Overlord  
  116  7:36  Drone  
  115  7:37  Drone x7  
  115  7:42  Zerg Missile Weapons Level 1, Overlord  
  122  7:45  Hydralisk  
  122  7:49  Hatchery  
  122  7:50  Hydralisk  
  121  7:51  Nydus Canal  
  119  7:59  Hydralisk x5  
  119  8:03  Overlord  
  129  8:08  Hydralisk x2  
  133  8:15  Hydralisk x6  
  143  8:22  Overlord  
  138  8:27  Overlord, Hydralisk x4  
  142  8:36  Overlord  
  142  8:37  Hydralisk x2  
  142  8:38  Grooved Spines  
  142  8:40  Nydus Canal  
  146  8:46  Hydralisk x2  
  146  8:48  Hatchery  
  148  8:53  Queen x3  
  148  8:54  Overlord  
  154  8:57  Hydralisk x4  
  154  9:01  Zergling x2  
  154  9:02  Zergling x10  
  167  9:08  Hydralisk x4  
  175  9:15  Nydus Canal  
  175  9:20  Overlord  
  175  9:23  Overlord  
  175  9:31  Overlord  
  175  9:34  Overlord  
  173  9:43  Hydralisk x7  
  188  9:57  Overlord, Hydralisk  
  188  9:58  Hatchery, Hydralisk x4  
  193  10:04  Hatchery  
  193  10:06  Hydralisk x2  
  192  10:08  Nydus Canal  
  194  10:17  Overlord  
  194  10:23  Hydralisk x3  
  194  10:25  Nydus Canal  
  200  10:30  Extractor  
  200  10:34  Extractor  
  197  10:43  Nydus Canal  
Show
View Real Time Build Order
Export as new Build Order

MaxPax Protoss 

Build Orders: 1 Gate Expand, Oracle Opening 

Get SALT Encoding   

  12  0:00  Probe  
  13  0:12  Probe  
  14  0:18  Pylon  
  14  0:24  Probe  
  15  0:36  Probe (Chrono Boost)  
  15  0:39  Gateway  
  16  0:46  Probe (Chrono Boost)  
  17  0:51  Assimilator, Probe (Chrono Boost)  
  18  1:03  Probe  
  19  1:15  Probe  
  20  1:28  Cybernetics Core  
  20  1:36  Nexus  
  20  1:38  Probe  
  21  1:45  Pylon  
  21  1:49  Assimilator  
  21  1:53  Probe  
  22  2:01  Adept (Chrono Boost)  
  22  2:05  Probe  
  25  2:17  Probe  
  25  2:21  Adept (Chrono Boost)  
  26  2:29  Probe  
  29  2:30  Stargate  
  29  2:37  Warp Gate  
  29  2:41  Probe  
  30  2:50  Probe (Chrono Boost)  
  29  2:56  Adept  
  29  2:58  Probe (Chrono Boost)  
  32  3:02  Probe (Chrono Boost)  
  32  3:03  Gateway  
  33  3:08  Probe x2 (Chrono Boost)  
  33  3:12  Oracle (Chrono Boost)  
  35  3:16  Probe  
  35  3:18  Probe  
  40  3:26  Pylon  
  40  3:28  Probe  
  40  3:30  Probe  
  42  3:36  Void Ray (Chrono Boost)  
  42  3:40  Probe  
  43  3:42  Probe  
  48  3:52  Nexus  
  48  3:53  Probe  
  49  3:57  Probe  
  49  3:59  Assimilator  
  49  4:02  Assimilator  
  50  4:11  Probe x2 (Chrono Boost)  
  50  4:13  Pylon  
  52  4:23  Probe (Chrono Boost)  
  54  4:25  Stargate  
  54  4:28  Probe (Chrono Boost)  
  54  4:30  Pylon  
  54  4:31  Probe (Chrono Boost)  
  54  4:34  Probe  
  54  4:35  Stargate  
  56  4:39  Probe  
  56  4:44  Void Ray (Chrono Boost)  
  61  4:46  Probe  
  61  4:49  Pylon  
  61  4:51  Probe  
  63  4:58  Probe  
  64  5:00  Void Ray (Chrono Boost)  
  64  5:02  Adept x2  
  64  5:04  Probe  
  69  5:09  Probe  
  69  5:10  Probe  
  69  5:13  Assimilator  
  75  5:16  Probe  
  75  5:18  Assimilator  
  77  5:21  Probe  
  77  5:22  Void Ray (Chrono Boost)  
  77  5:23  Probe  
  77  5:26  Protoss Air Weapons Level 1  
  77  5:28  Probe  
  83  5:33  Probe  
  83  5:35  Probe  
  85  5:37  Adept  
  85  5:39  Adept, Void Ray  
  85  5:41  Probe  
  88  5:45  Probe  
  88  5:48  Probe  
  90  5:53  Pylon, Probe  
  91  5:57  Pylon  
  91  5:58  Shield Battery x2  
  91  6:05  Void Ray (Chrono Boost)  
  91  6:07  Zealot  
  93  6:11  Shield Battery  
  93  6:17  Pylon  
  95  6:20  Void Ray (Chrono Boost)  
  92  6:26  Void Ray (Chrono Boost)  
  92  6:32  Shield Battery  
  82  6:34  Pylon  
  82  6:36  Zealot x2  
  85  6:43  Void Ray (Chrono Boost)  
  85  6:45  Fleet Beacon  
  88  6:57  Zealot x2  
  88  6:58  Void Ray  
  88  7:08  Void Ray  
  88  7:18  Flux Vanes  
  88  7:20  Probe x2  
  90  7:26  Shield Battery  
  90  7:32  Probe  
  91  7:45  Pylon  
  91  7:57  Void Ray x2  
  91  7:58  Nexus  
  91  8:00  Pylon  
  91  8:04  Pylon  
  99  8:14  Void Ray  
  99  8:15  Probe  
  99  8:16  Probe  
  99  8:19  Zealot x2  
  109  8:28  Probe x2  
  106  8:40  Probe  
  106  8:44  Pylon  
  106  8:45  Pylon  
  116  9:03  Pylon, Carrier (Chrono Boost)  
  116  9:05  Carrier (Chrono Boost)  
  116  9:18  Robotics Facility  
  116  9:35  Nexus  
  116  9:37  Pylon  
  116  9:44  Carrier (Chrono Boost)  
  116  9:47  Probe x2  
  124  9:54  Pylon  
  124  9:55  Zealot x2  
  124  9:59  Probe x2  
  125  10:11  Probe x2  
  127  10:15  Robotics Facility  
  127  10:16  Robotics Bay  
  127  10:17  Observer (Chrono Boost)  
  124  10:23  Probe x2  
  127  10:49  Zealot  
  126  10:50  Zealot  
Tags
 
Add a new tag
Caveats
  • Supply blocks, unpowered buildings, or Contaminate may cause inaccurate times.
  • Supply counts are checked every 10 seconds.